 Seeded DCSS version 0.29.1-1-gd02db6906a (webtiles) character file.

Game seed: 8800239265270809476 (custom seed)

231 GigaChad the Trooper (level 5, 0/48 HPs)
             Began as a Minotaur Fighter on Sept 26, 2022.
             Was a Follower of Ashenzari.
             Slain by an orc warrior
             ... wielding a +0 halberd
              (16 damage)
             ... on level 7 of the Dungeon.
             The game lasted 00:07:21 (2779 turns).

GigaChad the Trooper (Minotaur Fighter)             Turns: 2779, Time: 00:07:21

Health: 0/48       AC:  9    Str: 25    XL:     5   Next: 73%
Magic:  4/4        EV: 11    Int:  5    God:    Ashenzari [*.....]
Gold:   150        SH:  4    Dex: 12    Spells: 4/4 levels left

rFire   . . .      SeeInvis .   a - +1 long sword
rCold   . . .      Faith    .   c - +0 buckler of the Oracular Augurer {Cun, Comp} (curse)
rNeg    . . .      Spirit   .   b - +0 scale mail
rPois   .          Reflect  .   (helmet restricted)
rElec   .          Harm     .   f - +0 cloak "Tethered Inaction" {Str+3 Dex+2 Slay+3, Melee, Comp} (curse)
rCorr   .          Rampage  .   (no gloves)
Will    .....                   e - +0 pair of boots
Stlth   ..........              (no amulet)
HPRegen 0.16/turn               (no ring)
MPRegen 0.09/turn               (no ring)

@: no status effects
A: horns 2, retaliatory headbutt
a: Renounce Religion, Shatter the Chains


You were on level 7 of the Dungeon.
You worshipped Ashenzari.
Ashenzari was aware of your devotion.
You visited 2 branches of the dungeon, and saw 6 of its levels.

You collected 150 gold pieces.

Inventory:

Hand Weapons
 a - a +1 long sword (weapon)
Missiles
 p - a poisoned dart (quivered)
Armour
 b - a +0 scale mail (worn)
 c - the cursed +0 buckler of the Oracular Augurer (worn) {Cun, Comp}

   It has a curse which improves the following skills: Cunning: Dodging and
   Stealth.
   Companions: Summonings and Necromancy.
 e - a +0 pair of boots (worn)
 f - the cursed +0 cloak "Tethered Inaction" (worn) {Str+3 Dex+2 Slay+3, Melee, Comp}
   (You acquired it on level 1 of the Dungeon)

   Str:       It affects your strength (+3).
   Dex:       It affects your dexterity (+2).
   Slay:      It affects your accuracy & damage with ranged weapons and melee
   (+3).
   It has a curse which improves the following skills: Melee Combat: Short
   Blades, Long Blades, Axes, Maces & Flails, Polearms, Staves and Unarmed
   Combat.
   Companions: Summonings and Necromancy.
Wands
 v - a wand of paralysis (10)
Scrolls
 h - a scroll of silence
 j - a scroll of blinking
 l - a scroll of teleportation
 o - a scroll of identify
 q - 2 scrolls of butterflies
 s - a scroll of vulnerability
 t - a scroll of enchant armour
Potions
 d - a potion of might
 g - a potion of degeneration
 i - 3 potions of curing
 k - a potion of heal wounds
 m - a potion of mutation
 n - a potion of invisibility
 r - a potion of berserk rage
 u - a potion of flight


   Skills:
 + Level 5.4 Fighting
 - Level 2.4(3.1) Long Blades
 - Level 3.7 Armour
 - Level 4.8(5.6) Dodging
 - Level 3.7 Shields


You had 4 spell levels left.
You didn't know any spells.
Your spell library contained the following spells:

 Spells                   Type           Power      Damage    Failure   Level
 Sublimation of Blood     Necr           0%         N/A       94%         2
 Petrify                  Tmut/Erth      0%         N/A       100%        4
 Irradiate                Conj/Tmut      0%         3d11      100%        5


Dungeon Overview and Level Annotations

Branches:
Dungeon (4/15)             Temple (1/1) D:4

Altars:
Ashenzari
Cheibriados
Elyvilon
Fedhas
Gozag
Hepliaklqana
Kikubaaqudgha
Makhleb
Nemelex Xobeh
Okawaru
Sif Muna
Uskayaw
Vehumet
Wu Jian
Xom
Yredelemnul
Zin
The Shining One


Innate Abilities, Weirdness & Mutations

You have a pair of horns on your head.
You reflexively headbutt those who attack you in melee.


Message History

g - a potion of degeneration;
h - a scroll of silence;
i - 3 potions of curing
j - a scroll of blinking;
k - a potion of heal wounds;
m - a potion of mutation
n - a potion of invisibility;
o - a scroll of identify
q - 2 scrolls of butterflies;
r - a potion of berserk rage
s - a scroll of vulnerability;
t - a scroll of enchant armour
u - a potion of flight
There is a stone staircase leading down here.
Found 3 poisoned darts.
Found a stone staircase leading up.
p - 4 poisoned darts (gained 3)
An orc warrior and an orc priest come into view.
The orc warrior shouts!
The orc priest shouts!
You hear a shout!
An orc comes into view. It is wielding a +0 dagger.
There are monsters nearby!
You throw a poisoned dart. The poisoned dart hits the orc warrior.
The orc warrior is poisoned.
You throw a poisoned dart. The poisoned dart hits the orc warrior.
The orc warrior is lightly wounded.
You throw a poisoned dart.
The poisoned dart closely misses the orc warrior.
The poisoned dart hits the orc.
The orc is poisoned.
The orc priest invokes the aid of Beogh against you.
Beogh smites you! You block the orc warrior's attack.
The orc warrior hits you with a +0 halberd.
The orc priest mumbles some strange prayers to Beogh against you.
Pain shoots through your body!
You slash the orc priest!
The orc priest is almost dead.
The orc priest mumbles some strange prayers to Beogh against you.
Pain shoots through your body! The orc warrior closely misses you.
You barely miss the orc priest. You headbutt the orc priest.
You kill the orc priest!
The orc warrior looks more healthy.
The orc looks more healthy.
You block the orc warrior's attack. The orc hits you but does no damage.
You slash the orc!
You kill the orc!
The orc warrior closely misses you.
The orc warrior hits you with a +0 halberd!
You die...

##############
.............###########
###.....................
# #................$....
# #.....................
# #.............@.......
# #............)o.......
# #####.................
# .....###<......((...
... ....## ##......(....
#......## ###.#+##....
####.#.# #.# ....
#....#.# ####.#+########
.....#.# #.............#


You could see an orc warrior.

Vanquished Creatures
  A crimson imp (D:4)
  A hound (D:7)
  An orc priest (D:7)
  An orc wizard (D:4)
  An adder (D:3)
  4 worms
  5 dart slugs
  5 orcs
  5 ball pythons
  7 endoplasms
  3 giant cockroaches
  5 goblins
  7 hobgoblins
  3 jackals
  4 kobolds
  5 quokkas
  2 bats
  6 frilled lizards
  A goblin skeleton (D:4)
  5 hobgoblin zombies (D:4)
  A kobold skeleton (D:4)
  2 kobold zombies (D:4)
  An orc skeleton (D:4)
  An orc zombie (D:4)
  4 rats
81 creatures vanquished.

Notes
Turn   | Place    | Note
-------+----------+-------------------------------------------
     0 | D:1      | GigaChad the Minotaur Fighter began the quest for the Orb.
     0 | D:1      | Reached XP level 1. HP: 19/19 MP: 0/0
    47 | D:1      | Identified a scroll of acquirement
    47 | D:1      | Acquired the +0 cloak of Usa Qux {Str+3 Dex+2 Slay+3}
   127 | D:1      | Reached skill level 4 in Fighting
   170 | D:1      | Reached XP level 2. HP: 27/27 MP: 1/1
   184 | D:1      | Reached skill level 1 in Dodging
   457 | D:1      | Reached XP level 3. HP: 28/33 MP: 2/2
  1200 | D:3      | Reached XP level 4. HP: 37/40 MP: 3/3
  1570 | D:3      | You fall into a shaft and drop 1 floor!
  1573 | D:4      | Found a staircase to the Ecumenical Temple.
  1618 | Temple   | Entered the Ecumenical Temple
  1657 | Temple   | Became a worshipper of Ashenzari the Shackled
  2023 | D:4      | Found a glowing golden altar of the Shining One.
  2058 | D:4      | Reached XP level 5. HP: 40/46 MP: 4/4
  2695 | D:4      | You fall into a shaft and drop 3 floors!
  2706 | D:7      | Reached skill level 5 in Fighting
  2720 | D:7      | Reached * piety under Ashenzari
  2770 | D:7      | Noticed an orc warrior
  2779 | D:7      | Slain by an orc warrior

Illustrated notes

Levels and vault maps discovered:
D:1:      minmay_arrival_widening_spiral_wide, layout_rooms,
          serial_bayou_pond_b, minmay_crystal_room, st_stairs_3
D:2:      layout_basic, hex_tiny, minmay_tetromino_o2
D:3:      layout_rooms, hellmonk_ecumenical_altar_inner_sanctum, st_stairs_8,
          grunt_ministairs_6
D:4:      layout_cave_pods, nicolae_tso_besieged_by_evil,
          minmay_temple_entry_arrows
D:7:      layout_basic, lemuel_crystal_altar
Temple:   bh_familiar_temple

Skill      XL: |  1  2  3  4  5 |
---------------+----------------+-----
Fighting       | 4 5 |  5.4
Dodging        | 2 3 4 |  4.8
Long Blades    | |  2.4
Armour         | |  3.7
Shields        | |  3.7

Action                   |  1- 3 |  4- 6 || total
-------------------------+-------+-------++-------
Melee: Long sword        |    85 |    59 ||   144
       Headbutt          |     9 |    11 ||    20
Throw: Throwing net      |     1 |       ||     1
       Dart              |       |     7 ||     7
Invok: Curse Item        |       |     2 ||     2
  Use: Scroll            |     3 |     2 ||     5
Armor: Scale mail        |    48 |    34 ||    82
Dodge: Dodged            |    51 |    48 ||    99
Block: Buckler           |    26 |    28 ||    54
